 Dungeon Crawl Stone Soup version 0.22.0-38-g04b72b8 (webtiles) character file.

12726 Lew the Blocker (level 11, -1/91 HPs)
             Began as a Gnoll Fighter on Aug 28, 2018.
             Slain by an orc warrior
             ... wielding a +0 flail
              (12 damage)
             ... on level 11 of the Dungeon.
             The game lasted 00:30:48 (10144 turns).

Lew the Blocker (Gnoll Fighter)                    Turns: 10144, Time: 00:30:49

Health: -1/91      AC: 18    Str: 20    XL:     11   Next: 97%
Magic:  21/21      EV: 13    Int: 11    God:
Gold:   787        SH: 12    Dex: 18    Spells: 23/23 levels left

rFire    + . .     SeeInvis .   A - +6 war axe (chop)
rCold    + . .     Gourm    .   c - +0 shield
rNeg     . . .     Faith    .   y - +0 scale mail {rC+}
rPois    .         Spirit   .   (helmet restricted)
rElec    .         Reflect  .   u - +0 cloak
rCorr    .         Harm     .   n - +2 pair of gloves
MR       .....     Rnd*Tele +   (no boots)
Stlth    ++........             (no amulet)
HPRegen  0.25/turn              v - ring of protection from fire
MPRegen  0.17/turn              o - ring of wizardry

@: no status effects
A: distributed training, antennae 1, fangs 1, rugged brown scales 1, slimy green
scales 1, thin metallic scales 1, agile 1, blurry vision 1, teleportitis 1,
evolution 1, strong nose
a: no special abilities


You were on level 11 of the Dungeon.
You were hungry.

You visited 2 branches of the dungeon, and saw 12 of its levels.
You also visited: Bailey.

You collected 787 gold pieces.

Inventory:

Hand Weapons
 g - a +6 long sword
 A - a +6 war axe of chopping (weapon)
Missiles
 B - 31 tomahawks of returning (quivered)
Armour
 a - a +0 helmet
 c - a +0 shield (worn)
 k - a +0 chain mail
 n - a +2 pair of gloves (worn)
 u - a +0 cloak (worn)
 y - a +0 scale mail of cold resistance (worn)
Jewellery
 o - a ring of wizardry (right hand)
 v - a ring of protection from fire (left hand)
Wands
 b - a wand of iceblast (7)
 i - a wand of paralysis (16)
 s - a wand of disintegration (3)
Scrolls
 e - a scroll of magic mapping
 m - a scroll of fog
 p - 4 scrolls of remove curse
 q - 2 scrolls of amnesia
Potions
 j - a potion of lignification
 t - a potion of resistance
Miscellaneous
 h - a fan of gales
 x - a lightning rod (4/4)
Comestibles
 f - 8 rations


   Skills:
 + Level 9.4 Fighting
 + Level 6.6 Short Blades
 + Level 8.2 Long Blades
 + Level 6.6 Axes
 + Level 6.6 Maces & Flails
 + Level 6.6 Polearms
 + Level 6.6 Staves
 + Level 6.6 Slings
 + Level 6.6 Bows
 + Level 6.6 Crossbows
 + Level 6.6 Throwing
 + Level 9.4 Armour
 + Level 6.6 Dodging
 + Level 6.6 Stealth
 + Level 9.4 Shields
 + Level 6.6 Unarmed Combat
 + Level 6.6 Spellcasting
 + Level 5.5 Conjurations
 + Level 5.5 Hexes
 + Level 5.5 Charms
 + Level 5.5 Summonings
 + Level 5.5 Necromancy
 + Level 5.5 Translocations
 + Level 5.5 Transmutations
 + Level 5.5 Fire Magic
 + Level 5.5 Ice Magic
 + Level 5.5 Air Magic
 + Level 5.5 Earth Magic
 + Level 5.5 Poison Magic
 + Level 7.3 Invocations
 + Level 6.6 Evocations


You had 23 spell levels left.
You didn't know any spells.
Your spell library contained the following spells:

 Spells                   Type           Power        Failure   Level  Hunger
 Animate Skeleton         Necr           N/A          4%          1    None
 Apportation              Tloc           ###...       4%          1    None
 Confusing Touch          Hex            ###...       4%          1    None
 Infusion                 Chrm           ###.         4%          1    None
 Pain                     Necr           ###.         4%          1    None
 Summon Small Mammal      Summ           ###.         4%          1    None
 Shroud of Golubria       Chrm/Tloc      ###.......   6%          2    ##.....
 Song of Slaying          Chrm           ###.....     6%          2    ##.....
 Confuse                  Hex            ###.....     12%         3    ###....
 Gell's Gravitas          Tloc           ###.......   12%         3    ###....
 Regeneration             Chrm/Necr      ###.......   12%         3    ###....
 Spectral Weapon          Hex/Chrm       ###.....     12%         3    ###....
 Vampiric Draining        Necr           ###.......   12%         3    ###....
 Animate Dead             Necr           N/A          34%         4    ####...
 Petrify                  Tmut/Erth      ###.....     34%         4    ####...
 Metabolic Englaciation   Hex/Ice        ###.......   67%         5    ######.
 Yara's Violent Unravell  Hex/Tmut       ###.......   67%         5    ######.


Dungeon Overview and Level Annotations

Branches:
Dungeon (11/15)            Temple (1/1) D:7            Lair (0/6) D:11
    Orc (0/2) D:9

Altars:
Ashenzari
Cheibriados
Dithmenos
Elyvilon
Fedhas
Gozag
Hepliaklqana
Kikubaaqudgha
Makhleb
Nemelex Xobeh
Okawaru
Qazlal
Ru
Sif Muna
Trog
Uskayaw
Vehumet
Wu Jian
Xom
Yredelemnul
Zin
The Shining One


Innate Abilities, Weirdness & Mutations

Your experience applies equally to all skills.
You have very sharp teeth.
Your uncanny sense of smell can sniff out nearby items.
You have a pair of small antennae on your head.
You are partially covered in rugged brown scales. (AC +1, +3% HP)
You are partially covered in slimy green scales. (AC +2)
You are partially covered in thin metallic scales. (AC +2)
You are agile. (Dex +2)
Scrolls take you a little longer to read.
You are occasionally teleported next to monsters.
You evolve.


Message History

You hit the orc warrior but do no damage. x2
You block the orc warrior's attack.
You hit the orc warrior but do no damage.
The orc warrior is severely wounded.
You slash the orc warrior! The orc warrior completely misses you.
The orc warrior hits you with a glaive.
* * * LOW HITPOINT WARNING * * *
You block the orc's attack.
Unknown command.
You slash the orc warrior!
You kill the orc warrior!
You hit the orc warrior. You block the orc's attack.
The orc warrior hits you with a flail.
* * * LOW HITPOINT WARNING * * *
Unknown command.
There is an empty arch of ancient stone here.
You hit the orc warrior. You bite the orc warrior.
The orc warrior is almost dead.
The orc warrior hits you with a flail!
You die...

*,,,,,,,*#r# *.#.###
***,,,,,,#.# ######.#..#.
*,,,,,,#.# #..........r
*,,,,,.#.###..#...r....
**,,,,.....#.....#.....
*,≈≈≈≈≈≈Y......#§.Y...
*,≈#####O.....#§§>....
*,≈#...#≈.Y...§o§.....
******#*,≈#.@.#≈.#o§§§§§.o...
*,,,**...≈#)ro#hY.r§§§§§oh...
*,,,**,#.≈##)##rror§§§§§o..##
*,,,,,,#.≈≈ooo≈o.##.<#§###.#*
*,,,,**#.....o..r..#§..#**,..
*,,,***#.#########.##.#.,,**#
*,,,,,,#,,,* #.#*.,S,,* *
*,,,**,,,∆,******#..##,.,,***
*,,,****,,,,,,,,,,,.$,,,,,,**


You could see an orc warrior, 4 orcs and a quokka.

Vanquished Creatures
  Harold (D:9)
  A two-headed ogre (D:11)
  3 death yaks (D:11)
  An orc knight (Bailey)
  Pikel (D:8)
  A manticore (D:11)
  Maurice (D:8)
  Psyche (D:8)
  A centaur skeleton (D:10)
  Prince Ribbit (D:8)
  A hornet (D:7)
  A slime creature (D:10)
  2 hippogriffs
  Sigmund (D:5)
  A human (D:10)
  Menkaure (D:7)
  Edmund (D:4)
  A porcupine (D:11)
  An ice beast (D:6)
  3 slaves (D:8)
  12 orc warriors
  3 sky beasts
  A phantom (D:8)
  5 ogres
  A centaur (D:5)
  9 bullfrogs
  A big kobold (D:10)
  2 scorpions
  12 killer bees
  9 wights
  A vampire bat (D:8)
  8 howler monkeys
  A bullfrog zombie (D:7)
  4 crimson imps
  4 hounds
  6 orc priests
  7 jellies
  13 orc wizards
  3 iguanas
  6 worker ants
  Natasha (D:4)
  Terence (D:2)
  A killer bee zombie (D:8)
  2 hound zombies
  5 gnolls
  A howler monkey zombie (D:9)
  8 adders
  4 shadow imps
  12 oozes
  5 adder skeletons
  5 worms
  2 dart slugs (D:1)
  5 leopard geckos
  40 orcs
  A ball python (D:3)
  9 giant cockroaches
  16 goblins
  10 hobgoblins
  9 jackals
  23 kobolds
  10 quokkas
  19 bats
  8 frilled lizards
  A jackal skeleton (D:5)
  A jackal zombie (D:8)
  3 quokka skeletons
  5 rats
340 creatures vanquished.

Vanquished Creatures (others)
  5 dream sheep (D:4)
  A slave (D:10)
  An ooze (D:10)
  5 fungi (D:10)
12 creatures vanquished.

Grand Total: 352 creatures vanquished

Notes
Turn   | Place    | Note
-------+----------+-------------------------------------------
     0 | D:1      | Lew the Gnoll Fighter began the quest for the Orb.
     0 | D:1      | Reached XP level 1. HP: 23/23 MP: 1/1
    30 | D:1      | Reached XP level 2. HP: 24/29 MP: 2/2
   157 | D:1      | Reached XP level 3. HP: 35/35 MP: 3/3
   337 | D:1      | Reached skill level 1 in Invocations
   574 | D:2      | Reached skill level 1 in Short Blades
   574 | D:2      | Reached skill level 1 in Axes
   574 | D:2      | Reached skill level 1 in Maces & Flails
   574 | D:2      | Reached skill level 1 in Polearms
   574 | D:2      | Reached skill level 1 in Staves
   574 | D:2      | Reached skill level 1 in Slings
   574 | D:2      | Reached skill level 1 in Bows
   574 | D:2      | Reached skill level 1 in Crossbows
   574 | D:2      | Reached skill level 1 in Throwing
   574 | D:2      | Reached skill level 1 in Dodging
   574 | D:2      | Reached skill level 1 in Stealth
   574 | D:2      | Reached skill level 1 in Unarmed Combat
   574 | D:2      | Reached skill level 1 in Spellcasting
   574 | D:2      | Reached skill level 1 in Evocations
   579 | D:2      | Reached XP level 4. HP: 39/41 MP: 5/5
   654 | D:2      | Noticed Terence
   665 | D:2      | Killed Terence
   683 | D:2      | Found an ornate altar of the Wu Jian Council.
   685 | D:2      | Reached skill level 1 in Conjurations
   685 | D:2      | Reached skill level 1 in Hexes
   685 | D:2      | Reached skill level 1 in Charms
   685 | D:2      | Reached skill level 1 in Summonings
   685 | D:2      | Reached skill level 1 in Necromancy
   685 | D:2      | Reached skill level 1 in Translocations
   685 | D:2      | Reached skill level 1 in Transmutations
   685 | D:2      | Reached skill level 1 in Fire Magic
   685 | D:2      | Reached skill level 1 in Ice Magic
   685 | D:2      | Reached skill level 1 in Air Magic
   685 | D:2      | Reached skill level 1 in Earth Magic
   685 | D:2      | Reached skill level 1 in Poison Magic
  1034 | D:3      | Reached XP level 5. HP: 47/47 MP: 6/6
  1568 | D:3      | Found a shattered altar of Ashenzari.
  1574 | D:3      | Found a bloodstained altar of Trog.
  1574 | D:3      | Found a deep blue altar of Sif Muna.
  1574 | D:3      | Found a stormy altar of Qazlal.
  1576 | D:3      | Found a white marble altar of Elyvilon.
  1863 | D:3      | Gained mutation: You have extremely sharp teeth. [potion of mutation]
  1863 | D:3      | Gained mutation: You have a pair of small antennae on your head. [potion of mutation]
  1919 | D:3      | Lost mutation: You have a pair of small antennae on your head. [potion of mutation]
  1919 | D:3      | Lost mutation: You have extremely sharp teeth. [potion of mutation]
  1919 | D:3      | Gained mutation: Your spells are a little harder to cast, but a little more powerful. [potion of mutation]
  1919 | D:3      | Gained mutation: You are partially covered in rugged brown scales. (AC +1, +3% HP) [potion of mutation]
  1919 | D:3      | Gained mutation: You are somewhat resistant to further mutation. [potion of mutation]
  1920 | D:3      | Lost mutation: You are somewhat resistant to further mutation. [potion of mutation]
  1920 | D:3      | Lost mutation: Your spells are a little harder to cast, but a little more powerful. [potion of mutation]
  1920 | D:3      | Gained mutation: You are occasionally teleported next to monsters. [potion of mutation]
  1920 | D:3      | Gained mutation: You evolve. [potion of mutation]
  1920 | D:3      | Gained mutation: Scrolls take you a little longer to read. [potion of mutation]
  1920 | D:3      | Gained mutation: You are partially covered in slimy green scales. (AC +2) [potion of mutation]
  2169 | D:4      | Found a shimmering altar of Xom.
  2169 | D:4      | Noticed a dream sheep
  2169 | D:4      | Noticed a dream sheep
  2169 | D:4      | Noticed a dream sheep
  2169 | D:4      | Noticed a dream sheep
  2169 | D:4      | Noticed a dream sheep
  2172 | D:4      | Killed a dream sheep
  2172 | D:4      | Killed a dream sheep
  2172 | D:4      | Killed a dream sheep
  2172 | D:4      | Reached XP level 6. HP: 39/54 MP: 8/8
  2173 | D:4      | Killed a dream sheep
  2175 | D:4      | Killed a dream sheep
  2360 | D:4      | Noticed Natasha
  2368 | D:4      | Killed Natasha
  2368 | D:4      | Reached skill level 5 in Long Blades
  2516 | D:4      | Noticed Edmund
  2571 | D:4      | Killed Edmund
  2571 | D:4      | Reached XP level 7. HP: 43/60 MP: 10/10
  2615 | D:4      | Gained mutation: You are partially covered in thin metallic scales. (AC +2) [evolution]
  2744 | D:5      | Entered Level 5 of the Dungeon
  3167 | D:5      | Reached XP level 8. HP: 66/69 MP: 12/12
  3326 | D:5      | Noticed Sigmund
  3348 | D:5      | Killed Sigmund
  3794 | D:5      | Found a burning altar of Makhleb.
  4606 | D:7      | Reached XP level 9. HP: 67/74 MP: 14/14
  4653 | D:7      | Noticed a hornet
  4660 | D:7      | Killed a hornet
  4753 | D:7      | Found a staircase to the Ecumenical Temple.
  4761 | D:7      | Noticed Menkaure
  4767 | D:7      | Killed Menkaure
  4776 | Temple   | Entered the Ecumenical Temple
  5078 | D:7      | Gained mutation: You have a pair of small antennae on your head. [evolution]
  5572 | D:8      | Noticed Maurice
  5577 | D:8      | Killed Maurice
  5580 | D:8      | Reached skill level 5 in Invocations
  5821 | D:8      | Reached XP level 10. HP: 82/82 MP: 17/17
  5900 | D:8      | Noticed Psyche
  6210 | D:8      | Noticed Pikel
  6247 | D:8      | Killed Pikel
  6247 | D:8      | Reached skill level 5 in Short Blades
  6247 | D:8      | Reached skill level 5 in Axes
  6247 | D:8      | Reached skill level 5 in Maces & Flails
  6247 | D:8      | Reached skill level 5 in Polearms
  6247 | D:8      | Reached skill level 5 in Staves
  6247 | D:8      | Reached skill level 5 in Slings
  6247 | D:8      | Reached skill level 5 in Bows
  6247 | D:8      | Reached skill level 5 in Crossbows
  6247 | D:8      | Reached skill level 5 in Throwing
  6247 | D:8      | Reached skill level 5 in Dodging
  6247 | D:8      | Reached skill level 5 in Stealth
  6247 | D:8      | Reached skill level 5 in Unarmed Combat
  6247 | D:8      | Reached skill level 5 in Spellcasting
  6247 | D:8      | Reached skill level 5 in Evocations
  6260 | D:8      | Noticed Prince Ribbit
  6364 | D:8      | Killed Psyche
  6525 | D:8      | Killed Prince Ribbit
  6966 | D:8      | Found a sparkling altar of Nemelex Xobeh.
  6972 | D:8      | Found a basalt altar of Yredelemnul.
  7314 | D:9      | Gained mutation: You are agile. (Dex +2) [evolution]
  7319 | D:9      | Found a radiant altar of Vehumet.
  7439 | D:9      | Found a staircase to the Orcish Mines.
  7909 | D:9      | Noticed Harold
  7935 | D:9      | Killed Harold
  7935 | D:9      | Reached XP level 11. HP: 73/89 MP: 19/19
  8096 | D:9      | Found an iron altar of Okawaru.
  8286 | D:10     | Entered Level 10 of the Dungeon
  8660 | D:10     | Reached skill level 5 in Conjurations
  8660 | D:10     | Reached skill level 5 in Hexes
  8660 | D:10     | Reached skill level 5 in Charms
  8660 | D:10     | Reached skill level 5 in Summonings
  8660 | D:10     | Reached skill level 5 in Necromancy
  8660 | D:10     | Reached skill level 5 in Translocations
  8660 | D:10     | Reached skill level 5 in Transmutations
  8660 | D:10     | Reached skill level 5 in Fire Magic
  8660 | D:10     | Reached skill level 5 in Ice Magic
  8660 | D:10     | Reached skill level 5 in Air Magic
  8660 | D:10     | Reached skill level 5 in Earth Magic
  8660 | D:10     | Reached skill level 5 in Poison Magic
  9259 | D:11     | Noticed a manticore
  9272 | D:11     | Killed a manticore
  9285 | D:11     | Noticed a death yak
  9291 | D:11     | Noticed a death yak
  9309 | D:11     | Found a staircase to the Lair.
  9309 | D:11     | Noticed a death yak
  9321 | D:11     | Noticed a two-headed ogre
  9321 | D:11     | Noticed a two-headed ogre
  9322 | D:11     | Found a flagged portal.
  9327 | Bailey   | Entered a bailey
  9612 | Bailey   | Noticed an orc knight
  9623 | Bailey   | Killed an orc knight
  9726 | Bailey   | Found an iron altar of Okawaru.
 10086 | D:11     | Killed a two-headed ogre
 10114 | D:11     | Killed a death yak
 10121 | D:11     | Killed a death yak
 10134 | D:11     | HP: 4/91 [death yak (15)]
 10138 | D:11     | Killed a death yak
 10144 | D:11     | Slain by an orc warrior

Skill      XL: |  1  2  3  4  5  6  7  8  9 10 11 |
---------------+----------------------------------+-----
Invocations    | 1 2 3 4 5 6 7 |  7.3
Short Blades   | 1 2 3 4 5 6 |  6.6
Axes           | 1 2 3 4 5 6 |  6.6
Maces & Flails | 1 2 3 4 5 6 |  6.6
Polearms       | 1 2 3 4 5 6 |  6.6
Staves         | 1 2 3 4 5 6 |  6.6
Slings         | 1 2 3 4 5 6 |  6.6
Bows           | 1 2 3 4 5 6 |  6.6
Crossbows      | 1 2 3 4 5 6 |  6.6
Throwing       | 1 2 3 4 5 6 |  6.6
Dodging        | 1 2 3 4 5 6 |  6.6
Stealth        | 1 2 3 4 5 6 |  6.6
Unarmed Combat | 1 2 3 4 5 6 |  6.6
Spellcasting   | 1 2 3 4 5 6 |  6.6
Evocations     | 1 2 3 4 5 6 |  6.6
Conjurations   | 1 2 3 4 5 |  5.5
Hexes          | 1 2 3 4 5 |  5.5
Charms         | 1 2 3 4 5 |  5.5
Summonings     | 1 2 3 4 5 |  5.5
Necromancy     | 1 2 3 4 5 |  5.5
Translocations | 1 2 3 4 5 |  5.5
Transmutations | 1 2 3 4 5 |  5.5
Fire Magic     | 1 2 3 4 5 |  5.5
Ice Magic      | 1 2 3 4 5 |  5.5
Air Magic      | 1 2 3 4 5 |  5.5
Earth Magic    | 1 2 3 4 5 |  5.5
Poison Magic   | 1 2 3 4 5 |  5.5
Long Blades    | 5 6 7 8 |  8.2
Fighting       | 7 8 9 |  9.4
Armour         | 7 8 9 |  9.4
Shields        | 7 8 9 |  9.4

Action                   |  1- 3 |  4- 6 |  7- 9 | 10-12 || total
-------------------------+-------+-------+-------+-------++-------
Melee: Long sword        |    90 |   180 |   332 |   496 ||  1098
       Bite              |     8 |    20 |    53 |   100 ||   181
       War axe           |       |       |       |    45 ||    45
Evoke: Wand              |       |       |       |    11 ||    11
  Use: Scroll            |       |     9 |     4 |     7 ||    20
       Potion            |       |     5 |     6 |     7 ||    18
 Stab: Fleeing           |       |     1 |       |       ||     1
  Eat: Chunk             |       |     5 |     5 |     4 ||    14
       Ration            |       |       |     2 |     3 ||     5
Armor: Scale mail        |    57 |    81 |   123 |     5 ||   266
       Chain mail        |       |       |    26 |   242 ||   268
Dodge: Dodged            |    42 |    40 |   153 |   244 ||   479
Block: Shield            |    52 |    95 |   255 |   378 ||   780
       Rpst.: Long sword |    15 |    15 |    46 |    72 ||   148
